 Dungeon Crawl Stone Soup version 0.31.0-12-g77e489cdc1 (webtiles) character file.

Game seed: 16653963475249317734

45 Tovical the Conjurer (level 3, -2/28 (33) HPs)
             Began as a Tengu Reaver on Mar 3, 2024.
             Slain by an orc wizard
             ... wielding a +0 dagger
              (3 damage)
             ... on level 3 of the Dungeon.
             The game lasted 00:07:28 (1844 turns).

Tovical the Conjurer (Tengu Reaver)                 Turns: 1844, Time: 00:07:29

HP:   -2/28 (33)    AC: 21    Str: 17    XL:     3   Next: 64%
MP:   7/7           EV:  2    Int: 13    God:
Gold: 170           SH:  0    Dex:  9    Spells: 5/6 levels left

rFire   + . .        a - +0 falchion
rCold   . . .        (no shield)
rNeg    . . .        b - melded +0 leather armour
rPois   +            (helmet currently unavailable)
rElec   .            d - melded scarf {rC+ rF+}
rCorr   .            e - melded +1 pair of gloves of Gacydurun {SInv}
SInv    .            (boots unavailable)
Will    .....        c - amulet of the Amoeba {Reflect rF+ Str+3 Dex-3 SH+5}
Stlth   +            (no ring)
HPRegen 0.24/turn    (no ring)
MPRegen 0.10/turn

%: reflection, acrobat
@: confused, tree-form, heavily drained
A: stationary, stasis, torment immunity, boosted hp, (beak), (talons 3),
acrobatic
a: no special abilities


You were on level 3 of the Dungeon.
You were a tree.
You visited 1 branch of the dungeon, and saw 3 of its levels.

You collected 170 gold pieces.

Inventory:

Hand Weapons
 a - a +0 falchion (weapon)
Armour
 b - a +0 leather armour (melded)
 d - a scarf of resistance (melded)
 e - the +1 pair of gloves of Gacydurun (melded) {SInv}
   (You found it on level 2 of the Dungeon)

   SInv:      It lets you see invisible.
Jewellery
 c - the amulet of the Amoeba (around neck) {Reflect rF+ Str+3 Dex-3 SH+5}
   (You found it on level 2 of the Dungeon)

   [amulet of reflection]

   Reflect:   It reflects blocked missile attacks.
   Str+3:     It affects your strength (+3).
   Dex-3:     It affects your dexterity (-3).
   rF+:       It protects you from fire.
   SH+5:      It affects your SH (+5).
Potions
 f - 2 potions of lignification


   Skills:
 * Level 2.8 Fighting
 + Level 3.5 Long Blades
 + Level 2.5 Dodging
 + Level 2.3 Spellcasting
 - Level 4.0 Conjurations
 + Level 1.2 Necromancy


You had 5 spell levels left.
You knew the following spells:

 Your Spells              Type           Power      Damage    Failure   Level
a - Kiss of Death         Conj/Necr      32%        2d7       9%          1

Your spell library contained the following spells:

 Spells                   Type           Power      Damage    Failure   Level
 Necrotise                Necr           16%        1d4       14%         1
 Momentum Strike          Conj/Tloc      12%        3d8       16%         2
 Hailstorm                Conj/Ice       6%         3d5       32%         3
 Vampiric Draining        Necr           4%         2d6       41%         3
 Summon Ice Beast         Ice/Summ       1%         N/A       58%         3
 Tukima's Dance           Hex            1%         N/A       58%         3
 Martyr's Knell           Necr/Summ      3%         N/A       88%         4
 Passage of Golubria      Tloc           1%         N/A       94%         4
 Curse of Agony           Necr           4%         N/A       99%         5
 Yara's Violent Unravell  Hex/Alch       0%         3d3       100%        5
 Sculpt Simulacrum        Ice/Alch       0%         N/A       100%        6


Dungeon Overview and Level Annotations

Branches:
Dungeon (3/15)

Altars:


Innate Abilities, Weirdness & Mutations

You are a tree.
Your roots penetrate the ground, keeping you stationary.
You cannot be teleported.
You are immune to unholy pain and torment.
Your maximum health is greatly increased.
Your equipment is partially melded.
((You have a beak for a mouth.))
((You have claws for feet.))
You can magically evade attacks while moving or waiting.


Message History

Your scarf of resistance melds into your body.
The +1 pair of gloves of Gacydurun {SInv} melds into your body.
Your +0 leather armour melds into your body.
You feel hot and cold all over.
Your roots penetrate the ground.
The orc hits you but does no damage.
You hit the orc but do no damage.
You hear some strange, mumbled words.
Deactivating autopickup; reactivate with Ctrl-A.
You are confused.
The orc hits you but does no damage.
You cannot move. (Use ctrl+direction or * direction to attack while stationary and confused.)
You cannot move. (Use ctrl+direction or * direction to attack while stationary and confused.)
You cannot move. (Use ctrl+direction or * direction to attack while stationary and confused.)
You attack the rock wall.
You hear some strange, mumbled words.
You are more confused.
The orc barely misses you. Something hits you but does no damage.
Okay, then.
You're too confused to cast spells.
You swing at nothing.
The orc hits you but does no damage. Something hits you but does no damage.
You nearly hit yourself!
The orc hits you but does no damage. Something hits you but does no damage.
You swing at nothing.
The orc hits you but does no damage. Something hits you but does no damage.
You miss something. The orc hits you but does no damage.
You hear some strange, mumbled words.
A magic dart appears from out of thin air!
The magic dart hits you!
* * * LOW HITPOINT WARNING * * *
You nearly hit yourself!
The orc hits you but does no damage.
You hear some strange, mumbled words.
You are more confused.
You miss something. The orc hits you but does no damage. Something hits you.
* * * LOW HITPOINT WARNING * * *
You swing at nothing.
The orc hits you but does no damage. Something hits you but does no damage.
You completely miss something. The orc hits you but does no damage.
Something hits you.
You die...

###### #....#
..... #....# .....
#....########.....
#.................
#.................
#♣..(.............
#o{...............
#............#
#............#####
#.................
##..<#'####'#.####
#####.# #.#.# #.#
#.#.. #.# #.######


You could see an orc.

Vanquished Creatures
  An adder (D:2)
  2 ribbon worms (D:2)
  An orc (D:2)
  A ball python (D:2)
  3 endoplasms
  A giant cockroach (D:1)
  4 goblins
  5 hobgoblins (D:1)
  A quokka (D:2)
  4 bats
  A frilled lizard (D:1)
  2 kobolds (D:1)
  2 rats
28 creatures vanquished.

Notes
Turn   | Place    | Note
-------+----------+-------------------------------------------
     0 | D:1      | Tovical the Tengu Reaver began the quest for the Orb.
     0 | D:1      | Reached XP level 1. HP: 12/12 MP: 4/4
   211 | D:1      | Reached XP level 2. HP: 17/17 MP: 6/6
   688 | D:1      | Found a faded altar of an unknown god.
   802 | D:2      | Reached skill level 1 in Necromancy
   838 | D:2      | Identified the amulet of the Amoeba {Reflect rF+ Str+3
                  | Dex-3 SH+5}
  1059 | D:2      | Reached XP level 3. HP: 10/17 MP: 4/7
  1173 | D:2      | Identified the +1 pair of gloves of Gacydurun {SInv}
  1842 | D:3      | HP: 1/28 [something (2)]
  1844 | D:3      | Slain by an orc wizard

Illustrated notes

Levels and vault maps discovered:
D:1:      wheals_arrival_shading, layout_basic,
          chequers_ecumenical_altar_simple, minmay_pentomino_o2
D:2:      layout_basic, minmay_misc_feat_tower
D:3:      layout_basic, nicolae_sif_muna_little_library

Skill      XL: |  1  2 |
---------------+-------+-----
Necromancy     | 1 |  1.2
Fighting       | |  2.8
Long Blades    | |  3.5
Dodging        | |  2.5
Spellcasting   | |  2.3
Conjurations   | |  4.0

Action                     || total
---------------------------++-------
  Melee: Falchion          ||    90
         Kick              ||    13
         Peck              ||    10
   Cast: Kiss of Death     ||     2
    Use: Scroll            ||     3
         Potion            ||     1
 Armour: Leather armour    ||    50
         Skin              ||    18
  Dodge: Dodged            ||    65
  Block: Other             ||     7
